 Dungeon Crawl Stone Soup version 0.28.0-43-g3370ac3207 (webtiles) character file.

Game seed: 10592929976172800893

68612 Kaptain the Geomancer (level 15, -6/97 HPs)
             Began as a Gargoyle Earth Elementalist on Mar 25, 2022.
             Killed from afar by a thorn hunter (37 damage)
             ... with a volley of thorns
             ... on level 1 of the Swamp.
             The game lasted 01:02:28 (33145 turns).

Kaptain the Geomancer (GrEE)                       Turns: 33145, Time: 01:02:28

Health: -6/97      AC: 28    Str: 13      XL:     15   Next: 27%
Magic:  9/30       EV: 13    Int: 27 (28) God:
Gold:   2567       SH:  5    Dex: 10      Spells: 27/36 levels left

rFire   + . .      SeeInvis +   g - +3 scimitar (flame)
rCold   . . .      Faith    .   t - +0 buckler
rNeg    + . .      Spirit   .   M - +0 steam dragon scales
rPois   ∞          Reflect  .   O - +0 helmet {SInv}
rElec   +          Harm     .   R - +1 cloak
rCorr   .          Rampage  .   Y - +2 pair of gloves
Will    +....                   A - +2 pair of boots
Stlth   ++........              l - amulet of regeneration
HPRegen 1.06/turn               Z - +6 ring of intelligence
MPRegen 0.22/turn               y - ring of protection from fire

@: marked, flying
A: sickness immunity, AC +11, big wings, negative energy resistance 1,
electricity resistance, torment resistance 1, petrification resistance
a: no special abilities


You were on level 1 of the Swamp.
You visited 4 branches of the dungeon, and saw 19 of its levels.

You collected 2567 gold pieces.

Inventory:

Hand Weapons
 g - a +3 scimitar of flaming (weapon)
 k - a +1 mace of protection
 F - a +0 trident
Missiles
 c - 216 stones
 o - 109 sling bullets
 C - a throwing net
 V - 11 javelins
Armour
 t - a +0 buckler (worn)
 A - a +2 pair of boots (worn)
 M - +0 steam dragon scales (worn)
 O - a +0 helmet of see invisible (worn)
 R - a +1 cloak (worn)
 S - a +2 robe of willpower
 U - a +2 leather armour of cold resistance
 W - a +4 chain mail
 Y - a +2 pair of gloves (worn)
Magical Staves
 J - a staff of fire
 K - a staff of death
Jewellery
 l - an amulet of regeneration (around neck)
 y - a ring of protection from fire (right hand)
 E - a ring of resist corrosion
 Q - a +6 ring of dexterity
 T - a ring of ice
 Z - a +6 ring of intelligence (left hand)
Wands
 d - a wand of acid (9)
 f - a wand of digging (6)
 v - a wand of paralysis (4)
 D - a wand of iceblast (26)
 X - a wand of polymorph (7)
Scrolls
 e - 4 scrolls of enchant armour
 h - 2 scrolls of blinking
 m - a scroll of silence
 n - 4 scrolls of enchant weapon
 q - 3 scrolls of immolation
 r - a scroll of amnesia
 G - 2 scrolls of identify
 H - 4 scrolls of brand weapon
 I - a scroll of fog
 P - a scroll of summoning
Potions
 a - 2 potions of flight
 p - 3 potions of haste
 s - 3 potions of attraction
 u - 3 potions of mutation
 w - 3 potions of ambrosia
 z - a potion of brilliance
 B - 2 potions of resistance
 L - a potion of cancellation
 N - a potion of curing


   Skills:
 * Level 12.9 Fighting
 + Level 9.1 Armour
 + Level 7.2 Dodging
 - Level 2.1 Stealth
 - Level 5.0 Shields
 * Level 11.1 Spellcasting
 * Level 12.8 Conjurations
 - Level 0.7 Transmutations
 * Level 14.3 Earth Magic


You had 27 spell levels left.
You knew the following spells:

 Your Spells              Type           Power      Damage    Failure   Level
a - Sandblast             Erth           100%       2d20      0%          1
b - Stone Arrow           Conj/Erth      100%       3d13      1%          3
c - Lee's Rapid Deconstr  Erth           37%        3d20*     1%          5

Your spell library contained the following spells:

 Spells                   Type           Power      Damage    Failure   Level
 Shock                    Conj/Air       100%       1d9       1%          1
 Passwall                 Tmut/Erth      45%        N/A       1%          2
 Petrify                  Tmut/Erth      54%        N/A       2%          4
 Fulminant Prism          Conj/Hex       24%        3d13      3%          4
 Iskenderun's Mystic Bla  Conj/Tloc      49%        2d11      3%          4
 Swiftness                Air            15%        N/A       14%         3
 Airstrike                Air            7%         N/A       43%         4
 Olgreb's Toxic Radiance  Pois           15%        N/A       43%         4
 Ozocubu's Refrigeration  Ice            7%         4d6       100%        7
 Ignition                 Fire           7%         3d5       100%        8


Dungeon Overview and Level Annotations

Branches:
Dungeon (10/15)            Temple (0/1) D:7            Lair (6/6) D:10
  Swamp (1/4) Lair:3        Snake (0/4) Lair:4        Slime (0/5) Lair:6
    Orc (2/2) D:10            Elf (0/3) Orc:2

Altars:
Cheibriados
Fedhas
Kikubaaqudgha
Okawaru
Ru
Trog
Xom

Shops:
D:3 *   D:4 *   D:6 (   Orc:2 *([*

Annotations:
Lair:3 1 runed translucent door, Xiemaice's ghost, journeyman DrFE
Lair:6 exclusion: 4 oklob plants


Innate Abilities, Weirdness & Mutations

You are immune to sickness and miasma.
Your stone body is resilient. (AC +11)
You are immune to poison.
Your large and strong wings let you fly.
You resist negative energy. (rN+)
You are resistant to electric shocks. (rElec)
You are resistant to unholy torment.
You are immune to petrification.


Message History

The thorn hunter is moderately damaged.
The thorn hunter hits you!
* * * LOW HITPOINT WARNING * * *
The thorn hunter barely misses you.
You feel much better.
The thorn hunter hits you but does no damage.
The thorn hunter barely misses you.
Casting: Stone Arrow (safe; 1% risk of failure)
Confirm with . or Enter, or press ? or * to list all spells.
Aiming: Stone Arrow (safe; 1% risk of failure)
Press: ? - help, Shift-Dir - straight line, f/p - thorn hunter
Aim: a thorn hunter (moderately damaged, 81% to hit)
The stone arrow hits the thorn hunter!!
The thorn hunter is heavily damaged.
The briar patch crumbles away. x2
The thorn hunter hits you but does no damage.
The thorn hunter hits you! You block the thorn hunter's attack.
The thorn hunter hits you.
* * * LOW HITPOINT WARNING * * *
Casting: Stone Arrow (safe; 1% risk of failure)
Confirm with . or Enter, or press ? or * to list all spells.
Aiming: Stone Arrow (safe; 1% risk of failure)
Press: ? - help, Shift-Dir - straight line, f/p - thorn hunter
Aim: a thorn hunter (heavily damaged, 81% to hit)
The stone arrow hits the thorn hunter!
The thorn hunter is severely damaged.
The briar patch crumbles away.
The thorn hunter closely misses you. x2
Unknown command.
Casting: Stone Arrow (safe; 1% risk of failure)
Confirm with . or Enter, or press ? or * to list all spells.
Aiming: Stone Arrow (safe; 1% risk of failure)
Press: ? - help, Shift-Dir - straight line, f/p - thorn hunter
Aim: a thorn hunter (severely damaged, 81% to hit)
The stone arrow hits the thorn hunter!!
The thorn hunter is almost destroyed.
The briar patch crumbles away.
A swamp drake comes into view.
The thorn hunter fires a volley of thorns at you.
The volley of thorns hits you!!!
You die...

≈≈♣.≈≈≈...≈♣≈♣♣.♣.≈≈≈≈≈.♣
≈≈≈........≈≈≈♣♣♣≈≈≈≈≈..♣
≈≈≈≈≈≈≈≈.≈≈≈≈.≈≈.......≈≈
≈≈≈≈≈≈≈≈≈≈≈♣♣♣...PP♣♣≈.≈≈≈
≈≈≈≈≈≈≈≈≈...♣ ≈.≈P♣♣ ♣.≈≈≈
≈♣♣♣♣♣♣♣♣.≈≈♣ ≈.♣♣♣♣♣♣.?
♣♣♣♣ ♣.....§♣ ♣♣♣ ≈.≈f.≈
♣.≈♣♣♣≈^...P♣♣♣♣♣♣ ..♣
.≈≈.....≈≈≈PP≈≈≈@♣♣≈≈♣
.≈≈.....≈≈≈PP≈≈≈.fk.♣
......≈..§≈PP§≈.≈≈≈.♣
..PP...≈.≈≈PP..♣♣≈.≈♣
.PPPP......PP.≈♣♣≈...≈♣
.PPPP...≈§.PP.^♣≈♣...>..
♣♣PP...≈≈≈≈...≈≈.♣≈.(♣...
♣.......≈≈..≈≈...♣≈..≈§.
♣.....≈.).....PP♣♣..≈≈≈≈


You could see a thorn hunter and a swamp drake.

Vanquished Creatures
  An eleionoma (Lair:3)
  2 fire dragons (Lair:6)
  Fannar (Lair:1)
  5 hydras
  Erica (Lair:2)
  A catoblepas (Lair:2)
  8 death yaks
  3 two-headed ogres
  Urug (Lair:1)
  5 orc high priests (Orc:2)
  2 goliath frogs (Swamp:1)
  A spriggan druid (Swamp:1)
  A swamp dragon (Lair:6)
  8 orc knights
  2 lindwurms (Lair:6)
  An orc sorcerer (Orc:2)
  3 oklob plants (Lair:4)
  A gargoyle (D:10)
  9 black mambas
  21 cane toads
  5 torpor snails (Lair:6)
  5 komodo dragons
  2 rime drakes (Lair:6)
  2 trolls
  9 hornets (Lair:6)
  A polar bear (Lair:3)
  3 tyrant leeches (Lair:6)
  12 blink frogs
  A shadow (D:9)
  2 humans (D:8)
  28 yaks
  A steam dragon (Lair:6)
  2 wyverns
  4 basilisks
  An acid dragon (Lair:6)
  A swamp worm (Swamp:1)
  2 wargs
  Duvessa (D:4)
  15 water moccasins
  A floating eye (Lair:4)
  28 orc warriors
  3 swamp drakes
  An ice beast (D:8)
  3 black bears
  A sky beast (D:8)
  2 necrophages
  7 ogres
  3 centaurs
  4 wolves (Lair:1)
  A phantom (D:4)
  A kobold brigand (D:7)
  3 gnoll sergeants
  12 bullfrogs
  A wyvern zombie (D:7)
  4 scorpions
  Dowan (D:4)
  6 killer bees (D:10)
  7 wights
  2 vampire bats (Lair:3)
  A howler monkey (D:5)
  6 electric eels
  5 centaur zombies
  A hound (D:6)
  2 bullfrog skeletons
  23 orc priests
  Natasha (twice) (D:2)
  A gnoll shaman (D:5)
  5 iguanas
  17 orc wizards
  A killer bee zombie (D:8)
  2 human simulacra (D:9)
  A hound skeleton (D:2)
  A mummy (D:3)
  5 adders
  31 gnolls
  An adder zombie (D:5)
  2 adder skeletons (D:4)
  5 dart slugs
  57 orcs
  7 ball pythons
  10 bats
  8 endoplasms
  3 giant cockroaches
  6 goblins
  7 hobgoblins
  11 kobolds
  5 quokkas
  6 frilled lizards
  6 rats
  A briar patch (Swamp:1)
504 creatures vanquished.

Vanquished Creatures (others)
  5 briar patches (Swamp:1)
  A bush (Lair:5)
  40 fungi
  54 plants
100 creatures vanquished.

Grand Total: 604 creatures vanquished

Notes
Turn   | Place    | Note
-------+----------+-------------------------------------------
     0 | D:1      | Kaptain the Gargoyle Earth Elementalist began the quest for
                  | the Orb.
     0 | D:1      | Reached XP level 1. HP: 10/10 MP: 3/3
   130 | D:1      | Reached XP level 2. HP: 15/16 MP: 1/5
   412 | D:1      | Reached skill level 1 in Fighting
   494 | D:1      | Found a faded altar of an unknown god.
   555 | D:1      | Reached skill level 1 in Conjurations
   555 | D:1      | Reached XP level 3. HP: 15/20 MP: 3/6
   635 | D:1      | Learned a level 3 spell: Stone Arrow
   649 | D:1      | Reached skill level 4 in Earth Magic
  1075 | D:2      | Noticed Natasha
  1079 | D:2      | Killed Natasha
  1080 | D:2      | Reached XP level 4. HP: 25/25 MP: 2/7
  1152 | D:2      | Noticed Natasha
  1352 | D:2      | Reached skill level 1 in Armour
  1777 | D:2      | Killed Natasha
  1783 | D:2      | Reached XP level 5. HP: 25/30 MP: 0/8
  3053 | D:3      | Reached XP level 6. HP: 36/36 MP: 6/10
  3613 | D:3      | Found Eghi's General Store.
  3631 | D:3      | Found a snail-covered altar of Cheibriados.
  4121 | D:4      | Reached skill level 5 in Earth Magic
  4244 | D:4      | Found Nissuit's General Store.
  4450 | D:4      | Noticed Dowan
  4452 | D:4      | Noticed Duvessa
  4468 | D:4      | Killed Duvessa
  4469 | D:4      | Reached XP level 7. HP: 25/41 MP: 0/12
  4705 | D:4      | Killed Dowan
  5219 | D:5      | Entered Level 5 of the Dungeon
  5223 | D:5      | Reached skill level 1 in Shields
  5238 | D:5      | Reached XP level 8. HP: 48/48 MP: 4/13
  5309 | D:5      | Reached skill level 6 in Earth Magic
  6924 | D:5      | Reached skill level 5 in Fighting
  7014 | D:6      | Found a shimmering altar of Xom.
  7614 | D:6      | Found Adol's Weapon Shoppe.
  7666 | D:6      | Reached skill level 5 in Conjurations
  7857 | D:6      | Found a sacrificial altar of Ru.
  7863 | D:6      | Reached XP level 9. HP: 50/54 MP: 9/16
  7961 | D:6      | Found a blossoming altar of Fedhas.
  8497 | D:7      | Reached skill level 7 in Earth Magic
  8933 | D:7      | Reached skill level 5 in Spellcasting
  9199 | D:7      | Found a staircase to the Ecumenical Temple.
 10041 | D:8      | Found an iron altar of Okawaru.
 10593 | D:8      | Identified the +4 chain mail of Complete Protection {rN+++
                  | rCorr Int-5 Slay-4}
 10997 | D:9      | Reached skill level 8 in Earth Magic
 10997 | D:9      | Reached XP level 10. HP: 25/61 MP: 6/18
 11332 | D:9      | Noticed a two-headed ogre
 11338 | D:9      | Killed a two-headed ogre
 12214 | D:10     | Entered Level 10 of the Dungeon
 12449 | D:10     | Noticed a gargoyle
 12455 | D:10     | Killed a gargoyle
 12781 | D:10     | Found a staircase to the Lair.
 12805 | D:10     | Reached skill level 5 in Armour
 12805 | D:10     | Reached skill level 9 in Earth Magic
 13159 | D:10     | Found a staircase to the Orcish Mines.
 13300 | D:10     | Found a bloodstained altar of Trog.
 13302 | D:10     | Noticed a two-headed ogre
 13309 | D:10     | Killed a two-headed ogre
 13310 | D:10     | Reached XP level 11. HP: 30/68 MP: 4/21
 13843 | Lair:1   | Entered Level 1 of the Lair of Beasts
 14569 | Lair:1   | Reached skill level 5 in Shields
 15346 | Lair:2   | Noticed Erica
 15360 | Lair:2   | Killed Erica
 15361 | Lair:2   | Reached skill level 10 in Earth Magic
 15671 | Lair:2   | Noticed Fannar
 15682 | Lair:1   | Killed Fannar
 15910 | Lair:2   | Noticed Urug
 16061 | Lair:2   | Reached skill level 5 in Dodging
 16224 | Lair:1   | Killed Urug
 16225 | Lair:1   | Reached XP level 12. HP: 36/76 MP: 0/23
 16271 | Lair:1   | Reached skill level 10 in Fighting
 16271 | Lair:1   | Reached skill level 11 in Earth Magic
 16271 | Lair:1   | Reached XP level 13. HP: 82/82 MP: 8/25
 16575 | Lair:2   | Reached skill level 10 in Conjurations
 17542 | Lair:3   | Found a staircase to the Swamp.
 17648 | Lair:3   | Found a runed translucent door.
 17648 | Lair:3   | Noticed Xiemaice's ghost (journeyman DrFE)
 17836 | Lair:3   | Found an ancient bone altar of Kikubaaqudgha.
 18441 | Lair:2   | Reached skill level 12 in Earth Magic
 19737 | Lair:4   | Found a staircase to the Snake Pit.
 20336 | Lair:4   | Paralysed by a floating eye for 2 turns
 20339 | Lair:4   | Paralysed by a floating eye for 3 turns
 21580 | Lair:5   | Gained mutation: Your large and strong wings let you fly.
                  | [Gargoyle growth]
 21580 | Lair:5   | Reached XP level 14. HP: 90/90 MP: 3/27
 21815 | Lair:5   | You are sucked into a shaft and drop 1 floor!
 21815 | Lair:6   | Entered Level 6 of the Lair of Beasts
 22808 | Lair:5   | Reached skill level 13 in Earth Magic
 22833 | Lair:5   | Reached skill level 10 in Spellcasting
 23323 | Lair:6   | Found a staircase to the Slime Pits.
 23361 | Lair:6   | Learned a level 5 spell: Lee's Rapid Deconstruction
 24977 | Lair:6   | Found a runed translucent door.
 26564 | Orc:1    | Entered Level 1 of the Orcish Mines
 27422 | Orc:2    | Entered Level 2 of the Orcish Mines
 27818 | Orc:2    | Found a staircase to the Elven Halls.
 29843 | Orc:2    | Reached skill level 14 in Earth Magic
 29843 | Orc:2    | Reached XP level 15. HP: 97/97 MP: 10/29
 29996 | Orc:1    | HP: 2/97 [orc knight/+2 long sword of holy wrath (27)]
 32148 | Orc:2    | Found Deegehar's Assorted Antiques.
 32149 | Orc:2    | Found Sobeat's General Store.
 32149 | Orc:2    | Found Atiklyaph's Armour Shoppe.
 32150 | Orc:2    | Found Xuhoid's Weapon Emporium.
 32717 | Swamp:1  | Entered Level 1 of the Swamp
 33013 | Swamp:1  | Noticed a thorn hunter
 33145 | Swamp:1  | Killed from afar by a thorn hunter

Illustrated notes

Levels and vault maps discovered:
D:1:      minmay_arrival_four_loops, layout_basic,
          hellmonk_ecumenical_altar_crossroads
D:2:      layout_loops_ring, minmay_stone_trees_small, uniq_natasha
D:3:      kennysheep_six_static_rooms, layout_loops_ring, slow_altar_2,
          serial_shops, shop_fountains
D:4:      layout_cave_pools, serial_shops, shop, serial_column_ruins,
          column_ruins_square_medium, column_ruins_columns_T,
          column_ruins_columns_straight, column_ruins_open_medium, uniq_duvessa
D:5:      layout_cave_pools
D:6:      layout_cave_pools, overflow_temple_1_default,
          mainiacjoe_overflow_catch_the_wave, serial_shops, shop,
          minmay_misc_feat_alley
D:7:      layout_gridville, minmay_temple_entry_steel_oval, serial_glass,
          glass_columns_a, glass_columns_a, glass_columns_c, glass_columns_a,
          glass_columns_b, glass_columns_a, glass_columns_a, glass_columns_c,
          kennysheep_generic_room_9
D:8:      layout_rooms, okawaru_humans, serial_aquarium, aquarium_bridge_square
          [aquarium_subvault_bridge, aquarium_subvault_wall,
          aquarium_subvault_balcony, aquarium_subvault_wall],
          aquarium_bridge_straight [aquarium_subvault_bridge,
          aquarium_subvault_wall, aquarium_subvault_bridge,
          aquarium_subvault_wall], aquarium_window_2, aquarium_window_fake,
          aquarium_window_1, aquarium_view_2a, aquarium_pool_1
D:9:      layout_loops_cross, bh_circular_ruins
D:10:     layout_basic, mainiacjoe_overflow_catwalk,
          grunt_lair_entry_orc_guard_hut, orc_0_dummy
Lair:1:   layout_cave_pods
Lair:2:   layout_regular_city, minivault_27, grunt_forest_stairs_basic,
          uniq_erica, uniq_urug, uniq_fannar
Lair:3:   layout_concentric_octagons, swamp_mist_pool, gammafunk_ghost_grave,
          basic_altar, chequers_serial_rivers_micro_c, roderic_batcave
Lair:4:   layout_regular_city, minmay_snake_entry_six_corridors, minivault_19,
          disabler_island, grunt_megastairs_2
Lair:5:   layout_cave_pods, chequers_serial_rivers_micro_c
Lair:6:   wormcave, layout_loops_ring, guppyfry_lair_end_dragon,
          minmay_slime_entry_oklob_enclosed
Swamp:1:  nicolae_swamp_tree_isthmus, layout_basic_swamp,
          nicolae_swamp_some_circles
Orc:1:    layout_caves
Orc:2:    st_orc_pillars, layout_diamond_mine

Skill      XL: |  1  2  3  4  5  6  7  8  9 10 11 12 13 14 15 |
---------------+----------------------------------------------+-----
Fighting       | 1 2 3 4 5 6 7 9 10 11 12 | 12.9
Conjurations   | 1 2 3 5 6 7 9 11 12 | 12.8
Earth Magic    | 4 5 6 8 9 10 11 12 14 | 14.3
Dodging        | 2 3 4 5 6 7 |  7.2
Armour         | 1 2 3 4 5 6 7 8 9 |  9.1
Spellcasting   | 3 4 5 6 7 8 9 10 11 | 11.1
Shields        | 1 2 3 4 5 |  5.0
Stealth        | |  2.1
Transmutations | |  0.7

Action                   |  1- 3 |  4- 6 |  7- 9 | 10-12 | 13-15 || total
-------------------------+-------+-------+-------+-------+-------++-------
Melee: Dagger            |    17 |     3 |       |       |       ||    20
       Hand axe          |    24 |       |    12 |     8 |       ||    44
       Mace              |       |    25 |    45 |       |       ||    70
       Scimitar          |       |       |       |    34 |   124 ||   158
 Cast: Sandblast         |    30 |    36 |    62 |    55 |   102 ||   285
       Stone Arrow       |     1 |    45 |   114 |   135 |   466 ||   761
       Lee's Rapid Decon |       |       |       |       |   126 ||   126
Evoke: Wand              |       |       |       |       |     8 ||     8
  Use: Potion            |       |     4 |     3 |     3 |     5 ||    15
       Scroll            |       |       |    19 |     4 |     9 ||    32
 Stab: Sleeping          |     2 |       |       |       |     1 ||     3
       Paralysed         |       |       |       |       |     7 ||     7
Armor: Robe              |    22 |    15 |    15 |     6 |   153 ||   211
       Leather armour    |       |       |    37 |    63 |       ||   100
       Skin              |       |       |     9 |       |       ||     9
       Steam dragon scal |       |       |       |       |   122 ||   122
Dodge: Dodged            |    42 |    27 |    87 |    81 |   310 ||   547
Block: Buckler           |       |       |    36 |    25 |   114 ||   175
